 Dungeon Crawl Stone Soup version 0.22.1-2-g9c5b331383 (webtiles) character file.

135544 Peloso the Peltast (level 16, 0/147 HPs)
             Began as a Minotaur Fighter on Dec 18, 2018.
             Was the Champion of Okawaru.
             Slain by a merfolk
             ... wielding a +1 trident of flaming
              (9 damage)
             ... on level 3 of the Shoals.
             The game lasted 01:48:10 (34511 turns).

Peloso the Peltast (Minotaur Fighter)              Turns: 34511, Time: 01:48:11

Health: 0/147      AC: 30    Str: 36    XL:     16   Next: 64%
Magic:  16/16      EV:  8    Int:  9    God:    Okawaru [******]
Gold:   1505       SH: 17    Dex: 11    Spells: 15/15 levels left

rFire    x . .     SeeInvis .   I - +1 long sword "Ridynoe" {freeze, rElec rPois rF- Int+4}
rCold    . . .     Gourm    .   c - +0 shield
rNeg     . . .     Faith    .   X - +0 crystal plate armour
rPois    +         Spirit   .   w - +1 hat
rElec    +         Reflect  .   P - +0 cloak {rPois}
rCorr    .         Harm     .   V - +1 pair of gloves {Str+3}
MR       +....                  (no boots)
Stlth    ..........             r - amulet "Plog" {rPois Regen+}
HPRegen  0.74/turn              u - +6 ring of strength
MPRegen  0.15/turn              z - +3 ring of slaying

@: no status effects
A: retaliatory headbutt, horns 2
a: Heroism, Finesse, Renounce Religion


You were on level 3 of the Shoals.
You worshipped Okawaru.
Okawaru was exalted by your worship.
You were very hungry.

You visited 5 branches of the dungeon, and saw 27 of its levels.
You visited 1 bazaar.
You also visited: Labyrinth, Sewer, Bailey and Ice Cave.

You collected 3044 gold pieces.
You spent 1539 gold pieces at shops.

Inventory:

Hand Weapons
 b - a +2 falchion of draining
 l - a +1 scimitar of flaming
 I - the +1 long sword "Ridynoe" (weapon) {freeze, rElec rPois rF- Int+4}
   (You found it in a labyrinth)

   It has been specially enchanted to freeze those struck by it, causing extra
   injury to most foes and up to half again as much damage against particularly
   susceptible opponents.
   It can also slow down cold-blooded creatures.
   It affects your intelligence (+4).
   It makes you vulnerable to fire.
   It insulates you from electricity.
   It protects you from poison.
Armour
 c - a +0 shield (worn)
 d - the +1 animal skin of Yremet {rC+ MR+}
   (Okawaru gifted it to you on level 1 of the Shoals)

   It protects you from cold.
   It affects your resistance to hostile enchantments.
 n - the +1 chain mail "Veexedusse" {rElec Regen+ Int-4}
   (You bought it in a shop in a bazaar)

   It affects your intelligence (-4).
   It insulates you from electricity.
   It increases your rate of regeneration.
 w - a +1 hat (worn)
 P - a +0 cloak of poison resistance (worn)
 V - a +1 pair of gloves of strength (worn)
 X - a +0 crystal plate armour (worn)
Jewellery
 r - the amulet "Plog" (around neck) {rPois Regen+}
   (You took it off a minotaur in a labyrinth)

   [amulet of regeneration]

   It protects you from poison.
   It increases your rate of regeneration.
 u - a +6 ring of strength (left hand)
 z - a +3 ring of slaying (right hand)
 E - an uncursed ring of protection from cold
 L - an uncursed ring of protection from magic
 S - a +4 ring of dexterity
 U - an uncursed ring of protection from fire
 W - a +5 ring of protection
 Z - an uncursed ring of flight
Wands
 a - a wand of iceblast (6)
 s - a wand of digging (21)
Scrolls
 g - 2 scrolls of identify
 h - a scroll of enchant weapon
 y - 5 scrolls of remove curse
 B - 2 scrolls of fog
 C - 6 scrolls of teleportation
 H - 4 scrolls of fear
 J - a scroll of magic mapping
 K - a scroll of blinking
 O - a scroll of summoning
Potions
 e - 4 potions of heal wounds
 i - a potion of invisibility
 j - a potion of agility
 k - 12 potions of curing
 m - 2 potions of resistance
 t - 3 potions of haste
 x - 2 potions of berserk rage
 F - 3 potions of might
 M - 2 potions of mutation
Comestibles
 f - 24 rations


   Skills:
 + Level 14.8 Fighting
   Level 2.2(10.6) Short Blades
 + Level 16.7(16.8) Long Blades
 + Level 16.5 Armour
 + Level 2.5 Dodging
 + Level 3.2 Stealth
 + Level 20.2 Shields
 + Level 1.6 Invocations
 + Level 2.4 Evocations


You had 15 spell levels left.
You didn't know any spells.
Your spell library contained the following spells:

 Spells                   Type           Power        Failure   Level  Hunger
 Animate Skeleton         Necr           N/A          98%         1    ##.....
 Apportation              Tloc           #.....       98%         1    ##.....
 Beastly Appendage        Tmut           #.....       98%         1    ##.....
 Confusing Touch          Hex            #.....       98%         1    ##.....
 Flame Tongue             Conj/Fire      #....        98%         1    ##.....
 Magic Dart               Conj           #...         98%         1    ##.....
 Pain                     Necr           #...         98%         1    ##.....
 Sandblast                Erth           #.....       98%         1    ##.....
 Summon Butterflies       Summ           #.......     98%         1    ##.....
 Summon Small Mammal      Summ           #...         98%         1    ##.....
 Call Imp                 Summ           #.......     99%         2    ###....
 Passwall                 Tmut/Erth      #.......     99%         2    ###....
 Searing Ray              Conj           #.....       99%         2    ###....
 Sticks to Snakes         Tmut           #.......     99%         2    ###....
 Call Canine Familiar     Summ           #.......     100%        3    ####...
 Confuse                  Hex            #.......     100%        3    ####...
 Dazzling Spray           Conj/Hex       #.....       100%        3    ####...
 Gell's Gravitas          Tloc           #.........   100%        3    ####...
 Lesser Beckoning         Tloc           #.........   100%        3    ####...
 Regeneration             Chrm/Necr      #.........   100%        3    ####...
 Spider Form              Tmut/Pois      #.........   100%        3    ####...
 Static Discharge         Conj/Air       #.......     100%        3    ####...
 Stone Arrow              Conj/Erth      #.....       100%        3    ####...
 Summon Guardian Golem    Hex/Summ       #.......     100%        3    ####...
 Tukima's Dance           Hex            #.......     100%        3    ####...
 Vampiric Draining        Necr           #.........   100%        3    ####...
 Animate Dead             Necr           N/A          100%        4    #####..
 Cause Fear               Hex            #.........   100%        4    #####..
 Force Lance              Conj/Tloc      #.......     100%        4    #####..
 Fulminant Prism          Conj/Hex       #.........   100%        4    #####..
 Ice Form                 Ice/Tmut       #.......     100%        4    #####..
 Iskenderun's Mystic Bla  Conj           #.......     100%        4    #####..
 Petrify                  Tmut/Erth      #.......     100%        4    #####..
 Summon Ice Beast         Ice/Summ       #.......     100%        4    #####..
 Summon Lightning Spire   Summ/Air       #.......     100%        4    #####..
 Alistair's Intoxication  Tmut/Pois      #.......     100%        5    ######.
 Blade Hands              Tmut           #.........   100%        5    ######.
 Bolt of Magma            Conj/Fire/Erth #.........   100%        5    ######.
 Iskenderun's Battlesphe  Conj/Chrm      #.......     100%        5    ######.
 Lee's Rapid Deconstruct  Erth           #.........   100%        5    ######.
 Lightning Bolt           Conj/Air       #.........   100%        5    ######.
 Metabolic Englaciation   Hex/Ice        #.........   100%        5    ######.
 Silence                  Hex/Air        #.........   100%        5    ######.
 Venom Bolt               Conj/Pois      #.........   100%        5    ######.
 Yara's Violent Unravell  Hex/Tmut       #.........   100%        5    ######.
 Bolt of Cold             Conj/Ice       #.........   100%        6    #######
 Bolt of Fire             Conj/Fire      #.........   100%        6    #######
 Deflect Missiles         Chrm/Air       #.........   100%        6    #######
 Freezing Cloud           Conj/Ice/Air   #.........   100%        6    #######
 Invisibility             Hex            #.......     100%        6    #######
 Iron Shot                Conj/Erth      #.........   100%        6    #######
 Ozocubu's Refrigeration  Ice            #.........   100%        6    #######
 Simulacrum               Ice/Necr       #.........   100%        6    #######
 Dragon Form              Tmut           #.........   100%        7    #######
 Orb of Destruction       Conj           #.........   100%        7    #######
 Spellforged Servitor     Conj/Summ      #.........   100%        7    #######
 Discord                  Hex            #.........   100%        8    #######
 Ignition                 Fire           #.........   100%        8    #######
 Dragon's Call            Summ           #.........   100%        9    #######
 Shatter                  Erth           #.........   100%        9    #######
 Tornado                  Air            #.........   100%        9    #######


Dungeon Overview and Level Annotations

Branches:
Dungeon (15/15)            Temple (1/1) D:5            Lair (6/6) D:11
 Shoals (3/4) Lair:3        Snake (0/4) Lair:2        Slime (0/5) Lair:5
    Orc (2/2) D:10            Elf (0/3) Orc:2        Vaults (0/5) D:13
 Depths (0/5) D:15

Altars:
Ashenzari
Cheibriados
Dithmenos
Elyvilon
Fedhas
Gozag
Hepliaklqana
Kikubaaqudgha
Makhleb
Nemelex Xobeh
Okawaru
Qazlal
Ru
Sif Muna
Trog
Uskayaw
Vehumet
Wu Jian
Xom
Yredelemnul
Zin
The Shining One
Beogh
Jiyva

Shops:
D:4 *   D:10 !   D:12 !   Orc:2 [?:[

Portals:
Trove: D:12 (give +5 demon trident)

Annotations:
D:8 1 runed door, pista233's ghost, novice GrFi
Lair:2 3 runed doors, siprus's ghost, journeyman DsNe
Shoals:1 1 runed door, Ebo Ximn's ghost, adept MfGl


Innate Abilities, Weirdness & Mutations

You reflexively headbutt those who attack you in melee.
You have a pair of horns on your head.


Message History

Your crystal plate armour prevents you from hitting the fire crab.
The fire crab is almost dead.
You block the fire bat's attack. You block the fire crab's attack.
The fire crab claws you but does no damage.
Unknown command.
Your crystal plate armour prevents you from hitting the fire crab.
The fire crab is almost dead.
You block the fire bat's attack.
The merfolk hits you with a trident of flaming.
* * * LOW HITPOINT WARNING * * *
The merfolk burns you.
* * * LOW HITPOINT WARNING * * *
You slice the fire crab!! You freeze the fire crab.
You kill the fire crab!
Okawaru accepts your kill.
The fire bat bites you but does no damage.
The merfolk hits you with a trident of flaming!
* * * LOW HITPOINT WARNING * * *
The merfolk burns you!
You die...

≈≈≈≈≈≈≈≈≈≈≈≈≈....§≈∩)§.)...≈≈..,,
≈≈≈≈≈≈≈≈≈≈≈.......§§§§......≈≈.,,
≈≈≈≈≈≈≈≈≈≈.........§§§§...≈≈≈≈.,,
≈≈≈≈≈≈≈≈≈≈........§.§.§.≈≈≈≈≈≈≈≈≈
≈≈≈≈≈≈≈≈≈≈≈.......(§.§≈≈≈≈.##.≈,≈
≈≈≈≈≈≈≈≈≈≈≈≈.....(§§§.§≈..#..*.,≈
≈≈≈≈≈≈≈≈≈≈≈≈........§≈≈.#.#..#,*,
≈≈≈≈≈≈≈≈..≈≈.........≈≈.......,,,
≈≈≈≈≈≈≈≈........@m...≈.##.!≈≈,,**
≈≈≈≈≈≈≈≈..≈......b...≈#...≈≈≈≈,,,
≈≈≈.≈≈≈≈≈.....≈......≈#...≈≈≈≈,,,
≈≈..≈≈≈≈≈...#.>...!..≈.##.(≈≈,,**
P≈..P≈≈≈...P..≈[.....≈≈....,,,,,,
≈..P.P(.P....≈≈≈≈....≈≈.#,*,,*,*,
≈...##..P.##.≈≈≈≈.....≈≈,,*,,*,,≈
....#.....###≈≈≈≈.....≈≈≈≈,**,≈≈≈
.≈≈≈..........≈≈....,,,,≈≈≈≈≈≈≈≈,


You could see a merfolk and a fire bat.

Vanquished Creatures
  Frances (D:13)
  A frost giant (IceCv)
  A stone giant (Orc:2)
  A minotaur (Lab)
  Snorg (D:13)
  An ettin (Orc:1)
  Josephine (Lair:6)
  2 fire dragons
  Fannar (Lair:3)
  2 merfolk impalers (Shoals:2)
  A yaktaur captain (D:15)
  6 hydras
  8 centaur warriors
  2 death knights (D:15)
  4 two-headed ogres
  A merfolk avatar (Shoals:1)
  An alligator snapping turtle (Shoals:1)
  10 death yaks
  A satyr (Shoals:2)
  2 catoblepae
  2 ogre magi (Orc:2)
  A tengu warrior (D:14)
  2 skeletal warriors
  A fire crab (Shoals:3)
  5 unseen horrors
  A deep elf archer (Bailey)
  4 sea snakes (Shoals:1)
  2 wizards
  5 lindwurms
  A wolf spider zombie (D:13)
  5 phantasmal warriors
  2 orc knights (Orc:1)
  8 orc sorcerers (Orc:2)
  2 oklob plants (Lair:5)
  The ghost of H0rd4k the Cutter, a novice HuAr (D:6)
  10 fauns
  12 deep elf magi
  8 cyclopes
  6 manticores
  A moth of wrath (shapeshifter) (D:13)
  An ice statue (IceCv)
  5 merfolk sirens
  4 centaur zombies
  5 black mambas
  2 water nymphs (Shoals:2)
  2 centaur skeletons
  3 molten gargoyles (Lair:6)
  A gargoyle (D:14)
  17 spiny frogs
  A kobold demonologist (D:13)
  10 rime drakes
  14 komodo dragons
  A yaktaur (D:15)
  A tengu conjurer (D:14)
  7 trolls
  4 hornets
  8 merfolk
  A wind drake (Shoals:1)
  13 polar bears (IceCv)
  Prince Ribbit (D:7)
  2 snapping turtles
  8 slime creatures
  15 blink frogs
  2 meliai zombies
  9 hippogriffs
  4 dream sheep (Shoals:1)
  4 water elementals
  A spriggan (D:7)
  A vampire (D:10)
  A shadow (D:14)
  A spriggan (shapeshifter) (D:13)
  9 wraiths
  2 wyverns
  60 yaks
  6 basilisks
  12 steam dragons
  6 hungry ghosts
  7 vampire mosquitoes
  A warg (Orc:1)
  3 nagas (Lair:2)
  A soldier ant (D:15)
  3 acid dragons
  3 hell hounds (Lair:6)
  8 water moccasins
  An ice beast (shapeshifter) (D:14)
  11 porcupines
  Purgy (Sewer)
  2 sky beasts
  A hornet zombie (D:10)
  2 eyes of draining
  2 phantoms
  19 orc warriors
  3 ice beasts
  2 black bears
  32 wolves
  An eye of draining (shapeshifter) (D:13)
  4 ogres
  3 boggarts (D:15)
  26 centaurs
  12 crocodiles
  6 big kobolds
  18 bullfrogs
  A gnoll sergeant (D:10)
  A wyvern zombie (D:6)
  A wyvern skeleton (D:7)
  3 scorpions
  15 killer bees
  A howler monkey (D:4)
  An electric eel (Lair:6)
  5 lava snakes (Lair:6)
  9 crimson imps
  A bullfrog zombie (D:13)
  8 hounds
  A wyvern simulacrum (D:6)
  12 orc priests
  8 jellies
  Jessica (D:3)
  3 bullfrog skeletons
  Terence (D:3)
  5 iguanas
  37 orc wizards
  Natasha (thrice) (D:3)
  10 worker ants
  A hound zombie (D:11)
  2 hound skeletons
  2 worker ant zombies
  Robin (D:3)
  18 gnolls
  15 adders
  4 shadow imps
  2 oozes
  5 worms
  2 dart slugs
  7 leopard geckos
  93 orcs
  11 ball pythons
  6 giant cockroaches
  12 goblins
  11 hobgoblins
  47 kobolds
  2 quokkas
  15 bats
  3 frilled lizards
  2 gnoll zombies (D:4)
  A jackal skeleton (D:6)
  A leopard gecko simulacrum (D:6)
  A leopard gecko skeleton (D:4)
  A quokka skeleton (D:6)
  6 rats
  3 fungi (Lair:1)
  2 plants (Lair:1)
946 creatures vanquished.

Vanquished Creatures (others)
  A merfolk aquamancer (Shoals:3)
  A water nymph (Shoals:3)
  A merfolk (Shoals:3)
  4 polar bears (IceCv)
  2 water elementals (Shoals:3)
  A fire bat (Shoals:3)
  A hell hound (Lair:6)
  A wolf (IceCv)
  2 orc wizards (Orc:2)
  A bush (Lair:3)
  8 fungi
  4 plants
27 creatures vanquished.

Grand Total: 973 creatures vanquished

Notes
Turn   | Place    | Note
-------+----------+-------------------------------------------
     0 | D:1      | Peloso the Minotaur Fighter began the quest for the Orb.
     0 | D:1      | Reached XP level 1. HP: 19/19 MP: 0/0
   146 | D:1      | Reached XP level 2. HP: 27/27 MP: 1/1
   206 | D:1      | Reached skill level 4 in Shields
   786 | D:2      | Reached XP level 3. HP: 33/33 MP: 2/2
   901 | D:2      | Reached XP level 4. HP: 34/40 MP: 3/3
  1493 | D:3      | Reached XP level 5. HP: 47/47 MP: 4/4
  1985 | D:3      | Noticed Robin
  1996 | D:3      | Killed Robin
  1996 | D:3      | Reached skill level 5 in Shields
  2182 | D:3      | Noticed Jessica
  2182 | D:3      | Noticed Natasha
  2185 | D:3      | Killed Jessica
  2185 | D:3      | Reached XP level 6. HP: 55/55 MP: 5/5
  2189 | D:3      | Killed Natasha
  2189 | D:3      | Reached skill level 5 in Armour
  2335 | D:3      | Noticed Terence
  2346 | D:3      | Killed Terence
  2346 | D:3      | Reached skill level 5 in Long Blades
  2346 | D:3      | Reached skill level 1 in Dodging
  2471 | D:3      | Reached skill level 5 in Fighting
  2571 | D:3      | Noticed Natasha
  2578 | D:3      | Killed Natasha
  2600 | D:3      | Noticed Natasha
  2602 | D:3      | Killed Natasha
  2710 | D:4      | Found Jaud's Assorted Antiques.
  2725 | D:4      | Reached XP level 7. HP: 52/61 MP: 6/6
  3003 | D:4      | Found an ornate altar of the Wu Jian Council.
  3140 | D:4      | Found a basalt altar of Yredelemnul.
  3456 | D:4      | Reached skill level 6 in Shields
  3668 | D:4      | Reached XP level 8. HP: 47/70 MP: 7/7
  3876 | D:5      | Entered Level 5 of the Dungeon
  3948 | D:5      | Found a white marble altar of Elyvilon.
  4022 | D:5      | Reached skill level 7 in Shields
  4231 | D:5      | Got a crystal rapier
  4315 | D:5      | Found a glowing drain.
  4324 | Sewer    | Entered a sewer
  4357 | Sewer    | Noticed Purgy
  4364 | Sewer    | Killed Purgy
  4395 | Sewer    | Got a scorched flail
  4396 | Sewer    | Identified the +9 rapier of Peace {protect, rPois rF-
                  | Dex+4} (You found it on level 5 of the Dungeon)
  4397 | Sewer    | Identified the +4 flail of Mothele {pain, +Inv Str+4 Int+2}
                  | (You found it in a sewer)
  4535 | D:5      | Found a staircase to the Ecumenical Temple.
  4816 | D:5      | Reached skill level 1 in Short Blades
  5278 | D:6      | You fall through a shaft!
  5338 | D:7      | Noticed Prince Ribbit
  5357 | D:7      | Killed Prince Ribbit
  5357 | D:7      | Reached skill level 8 in Shields
  5580 | Temple   | Entered the Ecumenical Temple
  5650 | Temple   | Became a worshipper of Warmaster Okawaru
  5862 | D:6      | Found a runed gate.
  5863 | D:6      | Found a runed gate.
  5870 | D:6      | Reached XP level 9. HP: 78/78 MP: 8/8
  6038 | D:6      | Found a runed gate.
  6042 | D:6      | Noticed H0rd4k's ghost (novice HuAr)
  6647 | D:6      | Killed H0rd4k's ghost
  6647 | D:6      | Reached * piety under Okawaru
  7268 | D:7      | Reached skill level 10 in Long Blades
  7418 | D:7      | Found a hazy altar of Hepliaklqana.
  7418 | D:7      | Found a shadowy altar of Dithmenos.
  7498 | D:8      | Reached skill level 9 in Shields
  7633 | D:8      | Found a stormy altar of Qazlal.
  7665 | D:8      | Found a snail-covered altar of Cheibriados.
  7692 | D:8      | Reached skill level 1 in Stealth
  7698 | D:8      | Found a sparkling altar of Nemelex Xobeh.
  7700 | D:8      | Found a shadowy altar of Dithmenos.
  7700 | D:8      | Found a shimmering altar of Xom.
  7702 | D:8      | Found a glowing golden altar of the Shining One.
  7702 | D:8      | Found a hazy altar of Hepliaklqana.
  7702 | D:8      | Found an iron altar of Okawaru.
  7884 | D:8      | Reached ** piety under Okawaru
  7888 | D:8      | Found a runed door.
  7912 | D:8      | Noticed a two-headed ogre
  7920 | D:8      | Killed a two-headed ogre
  7920 | D:8      | Reached XP level 10. HP: 20/86 MP: 9/9
  8204 | D:8      | Found a shimmering altar of Xom.
  8204 | D:8      | Noticed pista233's ghost (novice GrFi)
  8206 | D:8      | Noticed a quarterstaff of chaos
  8835 | D:9      | Reached skill level 10 in Shields
  8893 | D:9      | Reached *** piety under Okawaru
  9089 | D:9      | Paralysed by a hornet for 2 turns
  9643 | D:10     | Entered Level 10 of the Dungeon
  9661 | D:10     | Found Urgholl's Distillery.
 10224 | D:10     | Reached skill level 11 in Shields
 10440 | D:10     | Found a staircase to the Orcish Mines.
 10906 | D:11     | Reached **** piety under Okawaru
 10989 | D:11     | Killed an unseen horror
 10989 | D:11     | Reached XP level 11. HP: 18/94 MP: 10/10
 11332 | D:11     | Noticed a lindwurm
 11375 | D:11     | Noticed a lindwurm
 11379 | D:11     | Noticed a death yak
 11428 | D:11     | Killed a death yak
 11696 | D:11     | Reached skill level 10 in Armour
 11982 | D:11     | Found a staircase to the Lair.
 12315 | D:11     | Noticed a death yak
 12315 | D:11     | Noticed a death yak
 12346 | D:11     | Killed a death yak
 12362 | D:11     | Killed a death yak
 12362 | D:11     | Reached ***** piety under Okawaru
 12458 | D:11     | Noticed a lindwurm
 12461 | D:11     | Noticed a lindwurm
 12466 | D:11     | Killed a lindwurm
 12466 | D:11     | Received a gift from Okawaru
 12467 | D:11     | Killed a lindwurm
 12469 | D:11     | Killed a lindwurm
 12469 | D:11     | Reached skill level 12 in Shields
 12475 | D:11     | Killed a lindwurm
 12763 | Lair:1   | Entered Level 1 of the Lair of Beasts
 13260 | Lair:1   | Reached XP level 12. HP: 67/104 MP: 11/11
 13431 | Lair:1   | Reached skill level 1 in Evocations
 13801 | Lair:2   | Found a staircase to the Snake Pit.
 13860 | Lair:2   | Received a gift from Okawaru
 13866 | Lair:2   | Noticed an eight-headed hydra
 13877 | Lair:2   | Killed a two-headed hydra
 13903 | Lair:2   | Found a runed gate.
 13904 | Lair:2   | Found a runed gate.
 13906 | Lair:2   | Noticed siprus's ghost (journeyman DsNe)
 13993 | Lair:2   | Reached ****** piety under Okawaru
 14011 | Lair:2   | Reached skill level 13 in Shields
 14647 | Lair:2   | Found a runed gate.
 14721 | Lair:2   | Reached skill level 10 in Fighting
 15024 | Lair:3   | Noticed Fannar
 15049 | Lair:3   | Killed Fannar
 15049 | Lair:3   | Received a gift from Okawaru
 15053 | Lair:3   | Got a bloodstained broad axe {god gift}
 15054 | Lair:3   | Identified the +2 broad axe of Dissolution {holy, +Inv
                  | rPois Int-2} (Okawaru gifted it to you on level 3 of the
                  | Lair of Beasts)
 15439 | Lair:3   | Noticed a death yak
 15440 | Lair:3   | Noticed a death yak
 15441 | Lair:3   | Noticed a death yak
 15442 | Lair:3   | Noticed a death yak
 15442 | Lair:3   | Noticed a death yak
 15457 | Lair:3   | Noticed a death yak
 15481 | Lair:3   | Killed a death yak
 15490 | Lair:3   | Killed a death yak
 15505 | Lair:3   | Killed a death yak
 15514 | Lair:3   | Killed a death yak
 15521 | Lair:3   | Killed a death yak
 15521 | Lair:3   | Reached XP level 13. HP: 34/114 MP: 10/13
 15529 | Lair:3   | Reached skill level 14 in Shields
 15805 | Lair:3   | Received a gift from Okawaru
 15839 | Lair:3   | Found a staircase to the Shoals.
 16260 | Lair:4   | Found a frozen archway.
 16270 | IceCv    | Entered an ice cave
 17105 | IceCv    | Reached skill level 15 in Shields
 17204 | IceCv    | Noticed a frost giant
 17238 | IceCv    | Killed a frost giant
 18735 | Lair:4   | Received a gift from Okawaru
 18981 | Lair:5   | Found a staircase to the Slime Pits.
 18982 | Lair:5   | Found a viscous altar of Jiyva.
 19261 | Lair:5   | Reached skill level 16 in Shields
 19285 | Lair:5   | Reached XP level 14. HP: 119/125 MP: 14/14
 19707 | Lair:6   | Entered Level 6 of the Lair of Beasts
 19799 | Lair:5   | Reached skill level 15 in Long Blades
 20133 | Lair:6   | Noticed Josephine
 20164 | Lair:6   | Killed Josephine
 21583 | Lair:6   | Found a large runed door.
 21584 | Lair:6   | Found a large runed door.
 21661 | Lair:6   | Received a gift from Okawaru
 21750 | Lair:6   | Reached skill level 17 in Shields
 22714 | D:12     | Found a portal to a secret trove of treasure.
 23005 | D:12     | Found Kaepeedo's Distillery.
 23026 | D:12     | Bought 2 potions of heal wounds for 110 gold pieces
 23285 | D:12     | Received a gift from Okawaru
 23415 | Orc:1    | Entered Level 1 of the Orcish Mines
 23648 | Orc:1    | Found a flagged portal.
 23658 | Bailey   | Entered a bailey
 24148 | Bailey   | Reached XP level 15. HP: 111/135 MP: 15/15
 24759 | Orc:2    | Entered Level 2 of the Orcish Mines
 24761 | Orc:2    | Found a roughly hewn altar of Beogh.
 24780 | Orc:2    | Found a staircase to the Elven Halls.
 24794 | Orc:2    | Found a labyrinth entrance.
 24824 | Lab      | Entered a labyrinth
 24902 | Lab      | Reached skill level 15 in Armour
 25288 | Lab      | Reached skill level 1 in Invocations
 25290 | Lab      | Got a transparent diamond amulet
 25293 | Lab      | Got a shimmering flail {holy}
 25301 | Lab      | Got a pair of ichor-stained gloves
 25314 | Lab      | Identified the +2 pair of gloves "Vifib" {rN+ Int+4 Slay-5}
                  | (You found it in a labyrinth)
 25315 | Lab      | Identified the amulet "Plog" {rPois Regen+} (You took it
                  | off a minotaur in a labyrinth)
 25323 | Lab      | Got a smoking long sword
 25324 | Lab      | Identified the +1 long sword "Ridynoe" {freeze, rElec rPois
                  | rF- Int+4} (You found it in a labyrinth)
 25329 | Lab      | Identified the +8 flail "Duedao Fana" {holy, rF+ rN+ Dex-3
                  | Stlth+} (You took it off a minotaur in a labyrinth)
 25474 | Orc:2    | Received a gift from Okawaru
 25613 | Orc:2    | Reached skill level 18 in Shields
 25698 | Orc:2    | Found Qojiall's Antique Armour Shoppe.
 25823 | Orc:2    | Found Taniatee's Magic Scroll Emporium.
 25831 | Orc:2    | Bought a scroll of identify for 26 gold pieces
 25831 | Orc:2    | Bought a scroll of identify for 26 gold pieces
 25844 | Orc:2    | Found an ancient bone altar of Kikubaaqudgha.
 26305 | Orc:2    | Found Vaveugi's Book Emporium.
 26325 | Orc:2    | Paralysed by an ogre mage for 7 turns
 26339 | Orc:2    | Paralysed by an ogre mage for 7 turns
 26509 | Orc:2    | Found a radiant altar of Vehumet.
 26652 | Orc:2    | Found a roughly hewn altar of Beogh.
 26673 | Orc:2    | Found Ziakli's Antique Armour Shoppe.
 26681 | Orc:2    | Bought a pair of spiked boots for 304 gold pieces
 26694 | Orc:2    | Identified the cursed -3 pair of boots of Mumblety Peg
                  | {*Slow rN+ MP+9} (You bought it in a shop on level 2 of the
                  | Orcish Mines)
 26705 | Orc:2    | Bought a runed cloak for 240 gold pieces
 26705 | Orc:2    | Bought a pair of glowing gloves for 240 gold pieces
 27444 | D:13     | Received a gift from Okawaru
 27854 | D:13     | Found a gate to the Vaults.
 27909 | D:13     | Noticed Frances
 27927 | D:13     | Killed Frances
 27927 | D:13     | Received a gift from Okawaru
 27928 | D:13     | Found the +7 lajatang of Order {silver, rMut}
 28239 | D:13     | Found an iron altar of Okawaru.
 28318 | D:13     | Noticed Snorg
 28328 | D:13     | Killed Snorg
 28825 | D:14     | Received a gift from Okawaru
 29284 | D:14     | Reached skill level 19 in Shields
 29418 | D:14     | Got a crystal scimitar {god gift}
 29419 | D:14     | Identified the +2 scimitar of the Hawk {elec, *Contam rF+
                  | rN++} (Okawaru gifted it to you on level 14 of the Dungeon)
 29894 | D:14     | Received a gift from Okawaru
 30296 | D:15     | Entered Level 15 of the Dungeon
 30339 | D:15     | Reached XP level 16. HP: 146/146 MP: 16/16
 30738 | D:15     | Found a staircase to the Depths.
 32036 | Shoals:1 | Entered Level 1 of the Shoals
 32724 | Shoals:1 | Found a runed door.
 32724 | Shoals:1 | Found a shimmering altar of Xom.
 32724 | Shoals:1 | Noticed Ebo Ximn's ghost (adept MfGl)
 32797 | Shoals:1 | Received a gift from Okawaru
 32800 | Shoals:1 | Got a warped animal skin {god gift}
 33479 | Shoals:2 | Reached skill level 20 in Shields
 34341 | Shoals:3 | Found a flickering gateway to a bazaar.
 34354 | Bazaar   | Entered a bazaar
 34354 | Bazaar   | Found Bafysale's Antique Armour Shoppe.
 34369 | Bazaar   | Found Mahoaly's Distillery.
 34392 | Bazaar   | Found Hiunuh's Jewellery Shoppe.
 34413 | Bazaar   | Bought an encrusted chain mail for 294 gold pieces
 34425 | Bazaar   | Identified the cursed +1 chain mail "Veexedusse" {rElec
                  | Regen+ Int-4} (You bought it in a shop in a bazaar)
 34436 | Bazaar   | Identified the +1 animal skin of Yremet {rC+ MR+} (Okawaru
                  | gifted it to you on level 1 of the Shoals)
 34456 | Bazaar   | Bought a potion of heal wounds for 65 gold pieces
 34456 | Bazaar   | Bought a potion of might for 52 gold pieces
 34456 | Bazaar   | Bought a potion of curing for 39 gold pieces
 34456 | Bazaar   | Bought a potion of curing for 39 gold pieces
 34456 | Bazaar   | Bought a potion of mutation for 104 gold pieces
 34511 | Shoals:3 | Slain by a merfolk

Skill      XL: |  1  2  3  4  5  6  7  8  9 10 11 12 13 14 15 16 |
---------------+-------------------------------------------------+-----
Armour         | 4 5 6 8 9 11 12 13 14 15 16 | 16.5
Shields        | 4 5 6 8 9 11 12 13 16 17 19 20 | 20.2
Fighting       | 4 5 6 7 8 9 10 11 13 14 | 14.8
Long Blades    | 3 4 5 7 8 10 12 13 14 15 16 | 16.7
Dodging        | 1 2 |  2.5
Short Blades   | 2 |  2.2
Stealth        | 1 2 3 |  3.2
Evocations     | 1 2 |  2.4
Invocations    | 1 |  1.6

Action                   |  1- 3 |  4- 6 |  7- 9 | 10-12 | 13-15 | 16-18 || total
-------------------------+-------+-------+-------+-------+-------+-------++-------
Melee: Long sword        |    66 |   160 |   416 |   122 |   435 |   493 ||  1692
       Headbutt          |    13 |    36 |    86 |   202 |   665 |   166 ||  1168
       Rapier            |       |       |    24 |       |       |       ||    24
       Falchion          |       |       |       |   604 |  1239 |       ||  1843
       Scimitar          |       |       |       |       |   637 |       ||   637
Invok: Heroism           |       |       |       |     6 |    13 |     3 ||    22
Evoke: Wand              |       |       |       |    13 |     4 |    14 ||    31
  Use: Scroll            |       |     6 |    10 |     8 |    15 |     8 ||    47
       Potion            |       |     1 |     2 |     3 |     6 |     2 ||    14
 Stab: Petrified         |       |       |       |       |       |     4 ||     4
  Eat: Chunk             |       |     6 |    13 |    13 |    34 |    11 ||    77
       Ration            |       |       |     1 |     4 |     6 |     1 ||    12
Armor: Scale mail        |    12 |       |       |       |       |       ||    12
       Chain mail        |    38 |    83 |    24 |       |       |       ||   145
       Plate armour      |       |       |   219 |   325 |   324 |       ||   868
       Crystal plate arm |       |       |       |       |   987 |   239 ||  1226
Dodge: Dodged            |    22 |    39 |   135 |   231 |   451 |    85 ||   963
Block: Shield            |    45 |    86 |   252 |   408 |  1561 |   355 ||  2707
       Rpst.: Long sword |     7 |    11 |    43 |    10 |    16 |    20 ||   107
       Falchion          |       |       |       |    36 |    67 |       ||   103
       Scimitar          |       |       |       |       |    36 |       ||    36
